 Dungeon Crawl Stone Soup version 0.30-a0-953-g5f1da4a474 (webtiles) character file.

Game seed: 8030550484365287703

7434 Krishahl the Basher (level 11, 0/101 HPs)
             Began as a Meteoran Cinder Acolyte on Mar 28, 2023.
             Was a Believer of Ignis.
             Slain by Erolcha
             ... wielding a +3 spectral giant spiked club
              (22 damage)
             ... on level 10 of the Dungeon.
             The game lasted 00:38:12 (6015 turns).

Krishahl the Basher (Meteoran Cinder Acolyte)       Turns: 6015, Time: 00:38:13

Health: 0/101      AC: 16    Str: 15    XL:     11   Next: 63%
Magic:  14/14      EV:  5    Int: 18    God:    Ignis [**....]
Gold:   622        SH:  4    Dex: 17    Spells: 12/12 levels left

rFire   + . .      SeeInvis +    p - +6 whip of Zattoged {spect, rPois rC++ Str-2}
rCold   + + .      Faith    .    s - +0 buckler
rNeg    . . .      Spirit   .    g - +0 plate armour
rPois   +          Reflect  .    (no helmet)
rElec   .          Rampage  .    l - +0 cloak
rCorr   .                        (no gloves)
Will    +....                    (no boots) Stlth
                                 (no amulet)
HPRegen 0.36/turn                x - ring of see invisible
MPRegen 0.14/turn                A - +6 ring of dexterity

@: glowing
A: sense surroundings 2, otherworldly, glowing, explore regen
a: Renounce Religion, Fiery Armour, Foxfire Swarm, Rising Flame


You were on level 10 of the Dungeon.
You worshipped Ignis.
Ignis was pleased with you.
You visited 1 branch of the dungeon, and saw 10 of its levels.

You collected 622 gold pieces.

Inventory:

Hand Weapons
 a - a +0 mace of flaming
 c - a +0 spear
 p - the +6 whip of Zattoged (weapon) {spect, rPois rC++ Str-2}
   (You found it on level 2 of the Dungeon)

   Str:       It affects your strength (-2).
   rC:        It greatly protects you from cold.
   rPois:     It protects you from poison.
 J - a +1 battleaxe of freezing
 L - the +4 mace "Hiymamot" {chaos, Will+}
   (You found it on level 9 of the Dungeon)

   Will:      It increases your willpower.
Missiles
 n - 105 stones
Armour
 b - a +0 robe
 g - a +0 plate armour (worn)
 l - a +0 cloak (worn)
 s - a +0 buckler (worn)
Jewellery
 x - a ring of see invisible (left hand)
 y - a ring of resist corrosion
 A - a +6 ring of dexterity (right hand)
 F - a +5 ring of evasion
Wands
 m - a wand of flame (20)
 B - a wand of mindburst (7)
 G - a wand of digging (2)
 I - a wand of polymorph (4)
 K - a wand of roots (4)
Scrolls
 e - a scroll of fog
 i - a scroll of blinking
 j - 2 scrolls of immolation
 k - 2 scrolls of poison
 o - 4 scrolls of identify
 q - 3 scrolls of amnesia
 r - a scroll of acquirement {unknown}
 D - 4 scrolls of enchant weapon
 H - 4 scrolls of enchant armour {unknown}
Potions
 d - a potion of haste
 f - 2 potions of brilliance
 h - 2 potions of ambrosia {unknown}
 t - a potion of flight {unknown}
 u - 2 potions of berserk rage {unknown}
 v - 3 potions of lignification
 z - a potion of attraction {unknown}
 C - a potion of degeneration {unknown}
 E - 4 potions of heal wounds {unknown}


   Skills:
 + Level 10.4 Fighting
 + Level 13.9 Maces & Flails
 + Level 10.9 Armour
 + Level 1.2 Dodging
 + Level 1.7 Stealth
 + Level 1.7 Shields
 + Level 1.3 Spellcasting
 + Level 4.0 Fire Magic


You had 12 spell levels left.
You didn't know any spells.
Your spell library contained the following spells:

 Spells                   Type           Power      Damage    Failure   Level
 Scorch                   Fire           30%        2d7       95%         2
 Dazzling Flash           Conj/Hex       2%         N/A       100%        3
 Frozen Ramparts          Ice            2%         1d1       100%        3
 Kindle Blastsparks       Fire/Tloc/Air  12%        2d11      100%        3
 Fulminant Prism          Conj/Hex       0%         3d5       100%        4
 Ice Form                 Ice/Tmut       1%         N/A       100%        4
 Iskenderun's Mystic Bla  Conj/Tloc      1%         2d3       100%        4
 Summon Ice Beast         Ice/Summ       1%         N/A       100%        4
 Lee's Rapid Deconstruct  Erth           0%         3d4*      100%        5
 Starburst                Conj/Fire      4%         6d3       100%        6


Dungeon Overview and Level Annotations

Branches:
Dungeon (10/15) Zot: 196   Temple (0/1) D:7             Orc (0/2) D:9
   Lair: D:8-11

Altars:
Elyvilon
Gozag
Nemelex Xobeh
Ru
Zin

Annotations:
D:10 Erolcha


Innate Abilities, Weirdness & Mutations

You passively map the area around you.
You are easily found by Zot.
You glow in the dark.
You regain HP and MP as you explore.


Message History

Your +6 whip of Zattoged {spect, rPois rC++ Str-2} hits Maggie!
You hit Maggie.
Maggie is almost dead.
Your +6 whip of Zattoged {spect, rPois rC++ Str-2} hits Maggie.
You kill Maggie!
You swap places.
You now have 606 gold pieces (gained 11).
Things that are here:
a +2 broad axe of distortion; +0 swamp dragon scales; the human corpse of Maggie You now have 622 gold pieces (gained 16).
Erolcha the Cunning comes into view.
She is wielding a +3 spectral giant spiked club and carrying a wand of light (5).
Erolcha shouts!
Erolcha zaps a wand.
The bolt of light hits you but does no damage.
Erolcha zaps a wand.
The bolt of light hits you.
You are confused.
Erolcha zaps a wand.
The bolt of light hits you.
You bump into the rock wall.
You feel less confused.
Erolcha zaps a wand.
The bolt of light hits you!
You hit Erolcha but do no damage.
Your +6 whip of Zattoged {spect, rPois rC++ Str-2} hits Erolcha.
You whack Erolcha!
Erolcha is moderately wounded.
Your +6 whip of Zattoged {spect, rPois rC++ Str-2} hits Erolcha but does no damage.
Erolcha hits you with a +3 spectral giant spiked club!!
You hit Erolcha.
Erolcha is moderately wounded.
Your +6 whip of Zattoged {spect, rPois rC++ Str-2} hits Erolcha.
You whack Erolcha!
Erolcha is moderately wounded.
Your +6 whip of Zattoged {spect, rPois rC++ Str-2} hits Erolcha.
You barely miss Erolcha.
Erolcha is heavily wounded.
Your +6 whip of Zattoged {spect, rPois rC++ Str-2} hits Erolcha.
Erolcha hits you with a +3 spectral giant spiked club!!
* * * LOW HITPOINT WARNING * * *
You feel better.
Erolcha hits you with a +3 spectral giant spiked club!!
You die...

#......# #...........
##....#### #.........##*
*
#.......)..##...........
....####................
, ..###
#####.....####### * *
.## ####..# ## #..# #
#..# .# #ยง@# .# ##O# *
## #.# * #.# #.# * * #.#
#.# ,, , * #.# * ** #.#
, , , ,


You could see Erolcha.

Vanquished Creatures
  2 two-headed ogres
  A cyclops (D:10)
  Maggie (D:10)
  An unseen horror (D:10)
  A hornet (D:8)
  13 yaks
  3 wraiths
  A water moccasin (D:8)
  An acid dragon (D:8)
  3 ice beasts
  4 orc warriors
  A sky beast (D:7)
  A black bear (D:6)
  An ogre (D:5)
  3 centaurs
  Blork the orc (D:4)
  5 bullfrogs
  2 scorpions (D:4)
  3 howler monkeys (D:9)
  4 hounds
  6 orc priests
  5 jellies
  A sleepcap (D:6)
  3 iguanas
  7 orc wizards
  7 adders
  A white imp (D:6)
  An ufetubus (D:6)
  28 orcs
  4 ball pythons
  3 endoplasms
  3 giant cockroaches
  7 goblins
  8 hobgoblins
  2 jackals (D:4)
  2 quokkas
  4 bats
  A frilled lizard (D:2)
  8 kobolds
  5 rats
158 creatures vanquished.

Vanquished Creatures (others)
  36 foxfires (D:10)
  7 fungi (D:9)
43 creatures vanquished.

Grand Total: 201 creatures vanquished

Notes
Turn   | Place    | Note
-------+----------+-------------------------------------------
     0 | D:1      | Krishahl the Meteoran Cinder Acolyte began the quest for
                  | the Orb.
     0 | D:1      | Reached XP level 1. HP: 19/19 MP: 3/3
   148 | D:1      | Reached XP level 2. HP: 26/26 MP: 5/5
   475 | D:1      | Reached XP level 3. HP: 33/33 MP: 6/6
   492 | D:1      | Glimpsed the power of Zot.
   566 | D:2      | Identified the +6 whip of Zattoged {spect, rPois rC++
                  | Str-2}
  1096 | D:2      | Glimpsed the power of Zot.
  1118 | D:3      | Reached XP level 4. HP: 40/40 MP: 7/7
  1148 | D:3      | Reached skill level 5 in Maces & Flails
  1157 | D:3      | Reached skill level 1 in Armour
  1222 | D:3      | Reached XP level 5. HP: 47/47 MP: 8/8
  1661 | D:4      | Noticed Blork the orc
  1668 | D:4      | Killed Blork the orc
  1669 | D:4      | Reached skill level 6 in Maces & Flails
  1669 | D:4      | Reached XP level 6. HP: 51/53 MP: 9/9
  1672 | D:4      | Found a white marble altar of Elyvilon.
  1701 | D:4      | Reached skill level 5 in Fighting
  1764 | D:4      | Found a sacrificial altar of Ru.
  1835 | D:4      | Reached XP level 7. HP: 42/61 MP: 10/10
  1893 | D:4      | Found a sparkling altar of Nemelex Xobeh.
  1933 | D:4      | Reached skill level 7 in Maces & Flails
  2281 | D:5      | Entered Level 5 of the Dungeon
  2452 | D:5      | Reached XP level 8. HP: 68/68 MP: 11/11
  2520 | D:5      | Reached skill level 8 in Maces & Flails
  2566 | D:5      | Found an opulent altar of Gozag.
  2736 | D:5      | Reached skill level 5 in Armour
  2934 | D:5      | Glimpsed the power of Zot.
  3004 | D:6      | Reached skill level 9 in Maces & Flails
  3512 | D:6      | Gained mutation: You passively map the area around you.
                  | [Meteoran growth]
  3512 | D:6      | Reached XP level 9. HP: 75/75 MP: 12/12
  3558 | D:6      | Glimpsed the power of Zot.
  3622 | D:7      | Reached skill level 10 in Maces & Flails
  3821 | D:7      | Found a staircase to the Ecumenical Temple.
  3907 | D:7      | Reached skill level 11 in Maces & Flails
  3937 | D:7      | Reached skill level 1 in Dodging
  4003 | D:7      | Found a glowing silver altar of Zin.
  4229 | D:8      | Reached skill level 12 in Maces & Flails
  4229 | D:8      | Reached skill level 1 in Stealth
  4229 | D:8      | Reached XP level 10. HP: 57/84 MP: 13/13
  4543 | D:8      | Reached skill level 13 in Maces & Flails
  4827 | D:8      | Glimpsed the power of Zot.
  4898 | D:9      | Noticed a two-headed ogre
  5211 | D:9      | Killed a two-headed ogre
  5216 | D:9      | Reached XP level 11. HP: 32/95 MP: 14/14
  5491 | D:9      | Identified the +4 mace "Hiymamot" {chaos, Will+}
  5494 | D:9      | Glimpsed the power of Zot.
  5544 | D:9      | Glimpsed the power of Zot.
  5547 | D:10     | Entered Level 10 of the Dungeon
  5637 | D:10     | Noticed a two-headed ogre
  5645 | D:10     | Killed a two-headed ogre
  5646 | D:10     | Reached skill level 10 in Armour
  5646 | D:10     | Reached skill level 1 in Shields
  5751 | D:10     | Noticed a cyclops
  5760 | D:10     | Reached skill level 10 in Fighting
  5766 | D:10     | Killed a cyclops
  5961 | D:10     | Noticed Maggie
  5972 | D:10     | Killed Maggie
  6000 | D:10     | Noticed Erolcha
  6015 | D:10     | Slain by Erolcha

Illustrated notes

Levels and vault maps discovered:
D:1:      matt_arrival_los_fun, layout_basic, minmay_split_cup_large
D:2:      layout_loops_ring, shapermc_ecumenical_altar_hornbeckon
D:3:      layout_rooms, hangedman_decor_opposing, grunt_ministairs_15,
          minmay_misc_feat_five, dreamdust_princess_corridor,
          minmay_misc_feat_tower
D:4:      layout_basic, mainiacjoe_overflow_catwalk_spiral, lemuel_doored_altar,
          uniq_blork_the_orc
D:5:      layout_basic, grunt_gozag_statues
D:6:      layout_loops_ring, st_stairs_13
D:7:      layout_rooms, zin_treasury, temple_hall, corner_web_ring
D:8:      layout_loops_corners, amethyst_killhole
D:9:      layout_basic, hiddenorc1_lemuel, dreamdust_mushroom_princess
D:10:     layout_cave_pods, lair_entry_dummy, st_stairs_3, uniq_maggie,
          uniq_erolcha

Skill      XL: |  1  2  3  4  5  6  7  8  9 10 11 |
---------------+----------------------------------+-----
Fighting       | 4 5 6 8 10 | 10.4
Fire Magic     | 4 |  4.0
Maces & Flails | 5 6 7 9 12 13 | 13.9
Armour         | 1 3 4 5 7 9 10 | 10.9
Dodging        | 1 |  1.2
Stealth        | 1 |  1.7
Shields        | 1 |  1.7
Spellcasting   | |  1.3

Action                     |  1- 3 |  4- 6 |  7- 9 | 10-12 || total
---------------------------+-------+-------+-------+-------++-------
  Melee: Mace              |    38 |       |       |       ||    38
         Punch             |     1 |       |     1 |       ||     2
         Whip              |    31 |    69 |   200 |   237 ||   537
 Invoke: Fiery Armour      |       |     1 |       |     3 ||     4
         Foxfire Swarm     |       |     1 |       |     2 ||     3
    Use: Scroll            |     1 |       |    15 |       ||    16
         Potion            |       |       |     1 |     5 ||     6
   Stab: Distracted        |       |       |     1 |     2 ||     3
 Armour: Robe              |     3 |       |       |       ||     3
         Plate armour      |    29 |    37 |    80 |    76 ||   222
  Dodge: Dodged            |    20 |     5 |    20 |    21 ||    66
  Block: Buckler           |       |       |     1 |    19 ||    20

Table legend: (Time is in decaauts)
 A = Elapsed time spent in this place.
 B = Non-inter-level travel time spent in this place.
 C = Inter-level travel time spent in this place.
 D = Time resting spent in this place.
 E = Time spent auto-exploring this place.
 F = Levels seen in this place.
 G = Mean time per level.
                   A        B        C        D        E       F      G
               +--------+--------+--------+--------+--------+-----+--------+
         Total |   5802 |   5612 |    190 |      0 |   4475 |  10 |  580.2 |
       Dungeon |   5802 |   5612 |    190 |      0 |   4475 |  10 |  580.2 |
               +--------+--------+--------+--------+--------+-----+--------+

Top non-repeatable levels by time:
     D:8: 928 daAuts
     D:4: 675 daAuts
     D:5: 648 daAuts
     D:6: 618 daAuts
     D:2: 600 daAuts
     D:7: 541 daAuts
     D:1: 516 daAuts
     D:3: 467 daAuts
    D:10: 449 daAuts
     D:9: 354 daAuts
